 Dungeon Crawl Stone Soup version 0.13.0-9-gbc74161 (webtiles) character file.

658 Malachi the Ruffian (level 6, -3/50 HPs)
             Began as a Troll Wizard on Oct 17, 2013.
             Slain by a sky beast (5 damage)
             ... on Level 5 of the Dungeon.
             The game lasted 00:06:38 (3434 turns).

Malachi the Ruffian (Troll Wizard)                  Turns: 3434, Time: 00:06:40

HP  -3/50        AC  5     Str 16      XL: 6   Next: 93%
MP  10/10        EV 15     Int 16      God:
Gold 162         SH  0     Dex 13      Spells:  1 memorised,  8 levels left

Res.Fire  : . . .   See Invis. : .     - Unarmed
Res.Cold  : . . .   Warding    : .   C - +0 robe
Life Prot.: . . .   Conserve   : .   (shield restricted)
Res.Poison: .       Res.Corr.  : .   b - +0 wizard hat
Res.Elec. : .       Clarity    : .   (no cloak)
Sust.Abil.: + .     Spirit.Shd : .   (gloves unavailable)
Res.Mut.  : .       Stasis     : .   (boots unavailable)
Res.Rott. : .       Flight     : .   (no amulet)
Gourmand  : +                        p - ring of sustain abilities
                                     (no ring)

@: agile, slightly resistant to hostile enchantments, stealthy
A: unfitting armour, claws 3, fast metabolism 3, gourmand, regeneration 2,
saprovore 2, tough skin 2, AC +1
a: no special abilities


You were on level 5 of the Dungeon.
You were completely stuffed.

You visited 1 branch of the dungeon, and saw 5 of its levels.

You collected 142 gold pieces.

Inventory:

Armour
 b - a +0 wizard hat (worn)
 C - a +0 robe (worn)
Comestibles
 a - a chunk of ball python flesh
 d - 6 meat rations
 g - 2 pears
 k - 3 bread rations
 m - a banana
 q - a sausage
 v - 4 rotting chunks of orc flesh
 w - 4 rotting chunks of orc flesh
 x - a rotting chunk of bat flesh
 A - 2 chunks of hound flesh
 B - a chunk of bat flesh
 D - a chunk of giant newt flesh
Scrolls
 f - 5 scrolls of remove curse
 i - 2 scrolls of fog {unknown}
 n - 2 scrolls of noise {unknown}
 r - a scroll of identify
 s - a scroll of enchant weapon I {unknown}
 t - 4 scrolls of enchant weapon II {unknown}
 z - a scroll of curse weapon {unknown}
Jewellery
 p - a ring of sustain abilities (right claw)
 y - an uncursed ring of poison resistance {unknown}
Potions
 e - 4 potions of curing
 h - a potion of heal wounds {unknown}
 j - a potion of poison {unknown}
 l - 2 potions of agility
 o - a potion of might {unknown}
Books
 c - a book of Minor Magic

   Spells                             Type                      Level
   *Magic Dart                        Conjuration                  1
   Blink                              Translocation                2
   Call Imp                           Summoning                    2
   Repel Missiles                     Charms/Air                   2
   Slow                               Hexes                        2
   Conjure Flame                      Conjuration/Fire             3
   Mephitic Cloud                     Conjuration/Poison/Air       3


   Skills:
 - Level 1.5 Dodging
 - Level 1.1 Stealth
 * Level 7.2 Unarmed Combat
 - Level 2.0 Spellcasting
 - Level 0.6 Conjurations
   Level 0.6 Summonings
   Level 0.6 Translocations


You had 8 spell levels left.
You knew the following spells:

 Your Spells              Type           Power        Failure   Level  Hunger
a - Magic Dart            Conj           #...         17%         1    #......


Dungeon Overview and Level Annotations

Branches:
Dungeon (5/27)
 Temple: D:4-7

Altars:


Innate Abilities, Weirdness & Mutations

You are too large for most types of armour.
You have claws for hands.
Your metabolism is lightning-fast.
You like to eat raw meat.
You heal very quickly.
You can eat rotten meat.
You are covered in fur (AC +1).
You have very tough skin (AC +2).


Message History

Deactivating autopickup; reactivate with Ctrl-A.
You hit the centaur.
The centaur is severely wounded.
The centaur barely misses you. The centaur hits you.
* * * LOW HITPOINT WARNING * * *
You hit the centaur.
The centaur is severely wounded.
The centaur hits you but does no damage.
It hits you.
* * * LOW HITPOINT WARNING * * *
It shocks you.
* * * LOW HITPOINT WARNING * * *
Drink which item? (? for menu, Esc to quit)
You feel more agile all of a sudden.
It was a potion of agility.
The centaur hits you but does no damage.
It hits you.
* * * LOW HITPOINT WARNING * * *
It shocks you.
You die...

#...c...##..
#.##+##c###.#.##.# ...
#.......#.....##.# #...#
###.####....#%##.# #...#
#.............##.# #...####
#............)...######.......
#.......#.##..###.............
..........##..................
#.......#.#..@.....)..^.......
.......#.#.c###.####.#...#.##
............###.# #.#.......
#..#####......#.# #.......## .
###.##.#.# #.......##
#......####.........
####I####.........##
+........# #.##.....###
.###########.##.##.....


You could see a centaur (bleeding).

Vanquished Creatures
  Sigmund (D:5)
  An orc priest (D:3)
  A hound (D:5)
  3 orc wizards
  3 worker ants
  3 adders
  7 gnolls
  2 worms
  An adder skeleton (D:4)
  3 giant geckos
  13 orcs
  3 ball pythons
  8 goblins
  10 hobgoblins
  12 kobolds
  6 bats
  6 giant cockroaches
  6 giant newts
  6 jackals
  4 rats
99 creatures vanquished.

Notes
Turn   | Place    | Note
--------------------------------------------------------------
     0 | D:1      | Malachi, the Troll Wizard, began the quest for the Orb.
     0 | D:1      | Reached XP level 1. HP: 14/14 MP: 5/5
    93 | D:1      | Reached skill level 1 in Unarmed Combat
   335 | D:1      | Reached XP level 2. HP: 17/22 MP: 6/6
   974 | D:2      | Reached XP level 3. HP: 25/28 MP: 7/7
  1113 | D:2      | Reached skill level 3 in Unarmed Combat
  1528 | D:3      | Reached XP level 4. HP: 2/36 MP: 8/8
  1599 | D:3      | Reached skill level 4 in Unarmed Combat
  1830 | D:3      | Reached XP level 5. HP: 32/42 MP: 8/8
  2124 | D:3      | Reached skill level 5 in Unarmed Combat
  3025 | D:5      | Entered Level 5 of the Dungeon
  3033 | D:5      | Reached XP level 6. HP: 21/50 MP: 10/10
  3067 | D:5      | Reached skill level 6 in Unarmed Combat
  3291 | D:5      | Noticed Sigmund
  3309 | D:5      | Killed Sigmund
  3331 | D:5      | Reached skill level 7 in Unarmed Combat
  3405 | D:5      | Noticed a centaur
  3424 | D:5      | Noticed a sky beast
  3434 | D:5      | HP: 2/50 [something (2)]
  3434 | D:5      | Slain by a sky beast

Action                   |  1- 3 |  4- 6 || total
-------------------------+-------+-------++-------
Melee: Unarmed           |   134 |   236 ||   370
  Use: Scroll            |       |     3 ||     3
       Potion            |       |     2 ||     2
